 Dungeon Crawl Stone Soup version 0.31-a0-472-g43a2ca8e1b (webtiles) character file.

Game seed: 17374461167762334819

585 Ethylacetat the Changeling (level 7, -6/70 HPs)
             Began as an Octopode Shapeshifter on Aug 6, 2023.
             Was an Initiate of Gozag.
             Killed by divine providence
             ... invoked by an orc priest
              (11 damage)
             ... on level 5 of the Dungeon.
             The game lasted 00:05:10 (4024 turns).

Ethylacetat the Changeling (Octopode Shapeshifter)  Turns: 4024, Time: 00:05:11

Health: -6/70      AC: 23    Str: 14    XL:     7   Next: 37%
Magic:  7/7        EV:  2    Int: 10    God:    Gozag
Gold:   176        SH:  5    Dex: 21    Spells: 6/6 levels left

rFire   . . .        d - +2 dagger (venom)
rCold   . . .        (no shield)
rNeg    . . .        (helmet currently unavailable)
rPois   +            g - amulet of reflection
rElec   .            i - ring of willpower
rCorr   .            l - +6 ring of dexterity
SInv    .            (no ring)
Will    +....        (no ring)
Stlth   ++           (no ring)
HPRegen 0.31/turn    (no ring)
MPRegen 0.10/turn    (no ring)
                     (no ring)

%: reflection
@: tree-form, gold aura
A: stationary, stasis, torment immunity, boosted hp, almost no armour,
(amphibious), 8 rings, (camouflage 1), (gelatinous body 1), (nimble swimmer 1),
(tentacles)
a: Renounce Religion, Potion Petition, Call Merchant, Bribe Branch


You were on level 5 of the Dungeon.
You worshipped Gozag.
Gozag was aware of your devotion.
You were a tree.
You visited 2 branches of the dungeon, and saw 6 of its levels.

You collected 264 gold pieces.
You paid 88 gold pieces to Gozag.

Inventory:

Hand Weapons
 d - a +2 dagger of venom (weapon)
Jewellery
 g - an amulet of reflection (around neck)
 i - a ring of willpower (left branch)
 l - a +6 ring of dexterity (right branch)
Talismans
 b - a beast talisman
Scrolls
 e - a scroll of immolation {unknown}
 h - a scroll of acquirement {unknown}
 j - a scroll of fog {unknown}
 m - 2 scrolls of identify {unknown}
 n - 2 scrolls of noise {unknown}
 o - a scroll of summoning {unknown}
 p - a scroll of teleportation {unknown}
Potions
 a - a potion of lignification
 c - a potion of mutation {unknown}
 f - 3 potions of curing {unknown}
 k - a potion of attraction {unknown}


   Skills:
 + Level 3.7 Fighting
 - Level 2.0 Dodging
 + Level 4.8 Unarmed Combat
 * Level 5.4 Shapeshifting


You had 6 spell levels left.
You didn't know any spells.
Your spell library contained the following spells:

 Spells                   Type           Power      Damage    Failure   Level
 Inner Flame              Hex/Fire       0%         N/A       75%         3
 Yara's Violent Unravell  Hex/Tmut       0%         3d3       100%        5
 Enfeeble                 Hex            0%         N/A       100%        7


Dungeon Overview and Level Annotations

Branches:
Dungeon (5/15)             Temple (1/1) D:5

Altars:
Ashenzari
Cheibriados
Dithmenos
Gozag
Hepliaklqana
Makhleb
Nemelex Xobeh
Qazlal
Ru
Sif Muna
Trog
Wu Jian

Shops:
D:3 (


Innate Abilities, Weirdness & Mutations

You are a tree.
Your roots penetrate the ground, keeping you stationary.
You cannot be teleported.
You are immune to unholy pain and torment.
Your maximum health is greatly increased.
You cannot wear most types of armour.
((You are amphibious.))
You can wear up to eight rings at the same time.
((Your skin changes colour to match your surroundings (Stealth+).))
((Your rubbery body absorbs attacks. (AC +1, EV +1)))
((You are camouflaged when in or above water. (Stealth+)))
((You have tentacles for arms and can constrict up to eight enemies at once.))


Message History

The orc warrior is moderately wounded.
You constrict the orc warrior. You block the orc's attack.
You block the orc warrior's attack.
You hit the orc warrior.
The orc warrior is moderately wounded.
You constrict the orc warrior, but do no damage.
You block the orc's attack. The orc warrior barely misses you.
You hit the orc warrior.
The orc warrior is heavily wounded.
You constrict the orc warrior, but do no damage.
The orc closely misses you.
The orc priest calls upon Beogh to heal the orc warrior.
The orc warrior is healed somewhat.
The orc warrior hits you with a +0 dire flail!
You hit the orc warrior.
The orc warrior is heavily wounded.
You constrict the orc warrior. You block the orc's attack.
The orc warrior hits you with a +0 dire flail!
You are too injured to fight recklessly!
You are too injured to fight recklessly!
Unknown command.
You are too injured to fight recklessly!
You hit the orc warrior but do no damage.
The orc warrior is poisoned.
The orc warrior is severely wounded.
You constrict the orc warrior.
The orc is distracted by your dazzling golden aura.
The orc warrior hits you with a +0 dire flail!
* * * LOW HITPOINT WARNING * * *
The orc shouts!
Really quaff the potion of lignification? [Y]es or [N]o only, please.
Really quaff the potion of lignification?
Your transformation has ended.
You turn into a tree.
Your roots penetrate the ground.
You lose your grip on the orc warrior.
The orc priest calls down the wrath of Beogh upon you.
Beogh smites you!
You die...
Your body crumbles into a pile of gold.

# # ## # ..# #. # #...##. ####
###)..o## #######.>. ......oo#
#.......## .#. ######♣#####
#.######.. ... ......./....###.#
#... >.#
.##.###....#.....#####.## #.#
..$.................#...# #.#
.....#####............### #.##
.### #####..###...# # # #.##..+
+.##.....### <###.###.#####
#####.##.###..##
.............#####........#......


You could see an orc warrior (very poisoned), an orc priest and an orc.

Vanquished Creatures
  A black bear (D:4)
  An ogre (D:4)
  2 orc priests
  Natasha (thrice) (D:3)
  3 iguanas
  2 orc wizards (D:4)
  5 adders
  A worm (D:3)
  A dart slug (D:4)
  10 orcs
  4 ball pythons
  6 bats
  8 endoplasms
  5 giant cockroaches
  8 goblins
  6 hobgoblins
  3 jackals (D:4)
  4 quokkas
  5 frilled lizards
  4 kobolds
  7 rats
89 creatures vanquished.

Notes
Turn   | Place    | Note
-------+----------+-------------------------------------------
     0 | D:1      | Ethylacetat the Octopode Shapeshifter began the quest for
                  | the Orb.
     0 | D:1      | Reached XP level 1. HP: 13/13 MP: 1/1
    97 | D:1      | Reached XP level 2. HP: 12/18 MP: 2/2
   476 | D:1      | Found a faded altar of an unknown god.
   574 | D:1      | Reached XP level 3. HP: 23/23 MP: 3/3
  1671 | D:3      | Reached XP level 4. HP: 20/29 MP: 4/4
  1749 | D:3      | Noticed Natasha
  1756 | D:3      | Killed Natasha
  1958 | D:3      | Reached skill level 4 in Shapeshifting
  1964 | D:3      | Noticed Natasha
  1970 | D:3      | Killed Natasha
  1971 | D:3      | Reached XP level 5. HP: 29/35 MP: 5/5
  2040 | D:3      | Found Vuaherod's Weapon Shop.
  2171 | D:3      | Noticed Natasha
  2180 | D:3      | Killed Natasha
  2715 | D:4      | Found a snail-covered altar of Cheibriados.
  2715 | D:4      | Found an ornate altar of the Wu Jian Council.
  2918 | D:4      | Reached XP level 6. HP: 39/41 MP: 6/6
  3367 | D:4      | Noticed a black bear
  3373 | D:4      | Killed a black bear
  3374 | D:4      | Reached skill level 5 in Shapeshifting
  3469 | D:4      | Reached XP level 7. HP: 43/46 MP: 7/7
  3681 | D:5      | Entered Level 5 of the Dungeon
  3712 | D:5      | Found a staircase to the Ecumenical Temple.
  3721 | Temple   | Entered the Ecumenical Temple
  3734 | Temple   | Became a worshipper of Gozag Ym Sagoz the Greedy
  3961 | D:5      | Found a hazy altar of Hepliaklqana.
  4024 | D:5      | Killed from afar by an orc priest

Illustrated notes

Levels and vault maps discovered:
D:1:      dpeg_arrival_prison, layout_basic, chequers_ecumenical_altar_island,
          minmay_crystal_room
D:2:      layout_basic
D:3:      layout_loops_cross, serial_shops, nicolae_shop_crystal,
          corexii_hall_statues_s, uniq_natasha
D:4:      layout_loops_ring, gammafunk_temple_overflow_statue
D:5:      layout_rooms, nicolae_hepliaklqana_hippocampus,
          mainiacjoe_overflow_surrounded_room, minmay_temple_entry_sparse_star,
          hangedman_decor_lopped, hangedman_abyss_or_decor_slice,
          minmay_lizard_king
Temple:   nicolae_temple_ecumenical_triangle

Skill      XL: |  1  2  3  4  5  6 |
---------------+-------------------+-----
Fighting       | 2 3 |  3.7
Shapeshifting  | 4 5 |  5.4
Unarmed Combat | 4 |  4.8
Dodging        | |  2.0

Action                     |  1- 3 |  4- 6 |  7- 9 || total
---------------------------+-------+-------+-------++-------
  Melee: Unarmed           |     8 |       |       ||     8
         Dagger            |    55 |    68 |    29 ||   152
         Constrict         |    15 |    20 |    12 ||    47
         Tentacles         |     9 |     9 |    11 ||    29
         Punch             |     1 |     4 |     2 ||     7
    Use: Potion            |       |       |     1 ||     1
   Stab: Sleeping          |    11 |     2 |     1 ||    14
         Distracted        |       |     1 |     1 ||     2
 Armour: Skin              |     2 |     3 |       ||     5
  Dodge: Dodged            |    34 |    44 |    12 ||    90
  Block: Other             |       |     3 |    11 ||    14

Table legend: (Time is in decaauts)
 A = Elapsed time spent in this place.
 B = Non-inter-level travel time spent in this place.
 C = Inter-level travel time spent in this place.
 D = Time resting spent in this place.
 E = Time spent auto-exploring this place.
 F = Levels seen in this place.
 G = Mean time per level.
                   A        B        C        D        E       F      G
               +--------+--------+--------+--------+--------+-----+--------+
         Total |   4021 |   3684 |    337 |      0 |   2985 |   6 |  670.2 |
       Dungeon |   4000 |   3675 |    325 |      0 |   2985 |   5 |  800.0 |
        Temple |     20 |      8 |     12 |      0 |      0 |   1 |   20.0 |
               +--------+--------+--------+--------+--------+-----+--------+

Top non-repeatable levels by time:
     D:3: 1143 daAuts
     D:4: 993 daAuts
     D:1: 834 daAuts
     D:2: 706 daAuts
     D:5: 322 daAuts
  Temple: 20 daAuts
